 Dungeon Crawl Stone Soup version 0.17-a0-649-g87edefa (webtiles) character file.

191 esc the Chucker (level 5, -10/55 HPs)
             Began as an Ogre Hunter on Apr 13, 2015.
             Mangled by kroki's ghost (18 damage)
             ... on level 3 of the Dungeon on Apr 17, 2015.
             The game lasted 00:12:43 (4606 turns).

esc the Chucker (Ogre Hunter)                       Turns: 4606, Time: 00:12:43

Health: -10/55     AC:  3    Str: 19      XL:     5   Next: 70%
Magic:  5/5        EV: 10    Int:  8 (10) God:
Gold:   112        SH:  0    Dex: 11      Spells: 0 memorised, 4 levels left

rFire  . . .     SeeInvis .     o - +0 whip
rCold  . . .     Clarity  .     d - +0 animal skin
rNeg   . . .     SustAb   .     (no shield)
rPois  .         Gourm    .     (helmet restricted)
rElec  .         Spirit   .     (no cloak)
rCorr  .         Warding  .     (gloves unavailable)
rMut   .         Stasis   .     (boots unavailable)
MR     .....                    (no amulet)
Stlth  +.........               (no ring)
                                l - +2 ring of strength

@: very slightly contaminated, hasted, very quick, not resistant to hostile
enchantments, very unstealthy
A: unfitting armour, tough skin 1
a: no special abilities


You were on level 3 of the Dungeon.
You were not hungry.

You visited 1 branch of the dungeon, and saw 3 of its levels.

You collected 112 gold pieces.

Inventory:

Hand weapons
 a - a +0 short sword
 k - a +0 club
   (You took it off a goblin on level 1 of the Dungeon)
 o - a +0 whip (weapon)
   (You took it off a kobold on level 3 of the Dungeon)
Missiles
 h - 64 stones
 j - 18 tomahawks (quivered)
 n - 25 poisoned needles
Armour
 d - a +0 animal skin (worn)
Jewellery
 l - a +2 ring of strength (left hand)
   (You found it on level 1 of the Dungeon)
Scrolls
 e - 2 scrolls of identify
 p - 2 scrolls of remove curse
Potions
 m - a potion of magic
Comestibles
 f - 2 bread rations {@e1}
 s - a beef jerky


   Skills:
 + Level 4.7 Fighting
 * Level 2.1 Maces & Flails
 + Level 5.3 Throwing
 + Level 3.2 Dodging
 - Level 0.7 Stealth


You had 4 spell levels left.
You didn't know any spells.

Dungeon Overview and Level Annotations

Branches:
Dungeon (3/15)

Altars:
Gozag
Zin

Annotations:
D:3 kroki's ghost, average TrAE


Innate Abilities, Weirdness & Mutations

You are too large for most types of armour.
You have tough skin (AC +1).


Message History

You hit the orc. The orc hits you but does no damage.
The orc hits you but does no damage.
You hit the orc. The orc hits you but does no damage.
The orc hits you but does no damage.
You hit the orc.
You kill the orc!
The orc hits you but does no damage.
You hit the orc. The orc hits you but does no damage.
You hit the orc. The orc hits you but does no damage.
You hit the orc but do no damage. You hit the orc.
The orc hits you but does no damage.
You hit the orc.
You kill the orc!
No target in view!
You start resting.
An orc comes into view. It is wielding a mace.
You regained 3 hp, and now have 76/82 hp.
The orc moves out of view.
You start resting.
You regained 2 hp, and now have 78/82 hp.
Kroki's ghost turns its malevolent gaze towards you.
Kroki's ghost points at you and mumbles some strange words.
Helpless, you fail to dodge the zap.
You take 10 damage, and have 68/82 hp.
Your transformation is almost over.
Aim: kroki's ghost You throw a large rock {!d}.
The large rock {!d} closely misses kroki's ghost.
Aim: kroki's ghost You throw a large rock {!d}.
The large rock {!d} closely misses kroki's ghost.
The orc shouts!
You hear a shout!
You hear a shout!
You hear a shout!
Kroki's ghost points at you and mumbles some strange words.
Helpless, you fail to dodge the zap.
Aim: kroki's ghost You throw a large rock {!d}.
The large rock {!d} hits kroki's ghost.
You closely miss the orc. The orc hits you but does no damage.
Kroki's ghost casts a spell at you. The zap hits you!
The zap hits the orc.
You take 1 damage, and have 68/82 hp.
You barely miss the orc.
An orc comes into view. It is wielding a whip.
You completely miss the orc. The orc hits you but does no damage.
You closely miss the orc. The orc hits you but does no damage.
An orc priest comes into view. It is wielding a war axe.
You closely miss kroki's ghost.
You feel less woody.
Your +0 animal skin unmelds from your body.
The orc hits you with a mace. Kroki's ghost closely misses you.
The orc priest invokes the aid of Beogh against you.
Something smites you!
You now have 29/55 hp.
Drink which item? (? for menu, Esc to quit)
It was a potion of cancellation.
You feel magically purged. Kroki's ghost closely misses you.
The orc closely misses you.
An orc comes into view. It is wielding a mace.
Drink which item? (? for menu, Esc to quit)
It was a potion of haste.
You feel yourself speed up. Kroki's ghost hits you.
The orc hits you with a mace!
You are very lightly contaminated with residual magic.
You take 11 damage, and have 18/55 hp.
Drink which item? (? for menu, Esc to quit)
It was a potion of degeneration.
There was something very wrong with that liquid.
You feel dopey.
Quiver which item? (- for none, * to show all) (? for menu, Esc to quit)
Okay, then.
Aim: kroki's ghost (lightly damaged)
You throw a tomahawk. The tomahawk misses kroki's ghost.
Kroki's ghost hits you. The orc hits you with a mace.
* * * LOW HITPOINT WARNING * * *
You take 3 damage, and have 15/55 hp.
Quiver which item? (- for none, * to show all) (? for menu, Esc to quit)
Quivering
c - 2 throwing nets {=f, !d} for throwing.
Aim: kroki's ghost (lightly damaged)
You throw a throwing net {=f, !d}.
The throwing net {=f, !d} closely misses kroki's ghost.
Kroki's ghost says, "I break bones and crack skulls... with my bare hands."
Kroki's ghost hits you.
* * * LOW HITPOINT WARNING * * *
You take 3 damage, and have 12/55 hp.
Aim: kroki's ghost (lightly damaged)
You throw a throwing net {=f, !d}.
The throwing net {=f, !d} hits kroki's ghost.
The net passes right through kroki's ghost!
The orc hits you but does no damage.
You closely miss kroki's ghost. Kroki's ghost hits you.
* * * LOW HITPOINT WARNING * * *
You take 5 damage, and have 7/55 hp.
You hit the orc but do no damage. The orc misses you.
Kroki's ghost hits you but does no damage.
You hit the orc but do no damage. You hit the orc. The orc misses you.
Kroki's ghost barely misses you.
You barely miss the orc. Kroki's ghost closely misses you.
The orc hits you but does no damage.
You hit the orc.
You kill the orc!
You closely miss the orc. Kroki's ghost barely misses you.
You barely miss the orc. The orc barely misses you. Kroki's ghost hits you!!
You die...

##############
#oo@W...(..(.#
#o##########.######
.. #......# ...
######.# (.. #.# .
#######.# #)......#
...#####.# #.)..#


You could see an orc priest, kroki's ghost and 2 orcs.

Vanquished Creatures
  An orc wizard (D:3)
  Ijyb (D:2)
  5 adders
  2 worms
  An ooze (D:1)
  6 orcs (D:3)
  7 goblins
  10 hobgoblins
  2 quokkas
  A ball python (D:2)
  11 bats
  3 giant cockroaches
  5 giant newts
  8 jackals
  8 kobolds
  5 rats
76 creatures vanquished.

Notes
Turn   | Place    | Note
--------------------------------------------------------------
     0 | D:1      | esc, the Ogre Hunter, began the quest for the Orb.
     0 | D:1      | Reached XP level 1. HP: 22/22 MP: 1/1
    70 | D:1      | Reached skill level 3 in Fighting
   321 | D:1      | Reached XP level 2. HP: 24/31 MP: 2/2
   784 | D:2      | Reached skill level 2 in Dodging
   947 | D:2      | Reached XP level 3. HP: 36/39 MP: 3/3
   959 | D:2      | Found a glowing silver altar of Zin.
  1108 | D:1      | Upgraded the game from 0.17-a0-547-g5e20af8 to 0.17-a0-649-g87edefa
  1387 | D:1      | Reached skill level 4 in Fighting
  1855 | D:2      | HP: 6/39 [worm (6)]
  1858 | D:2      | Reached XP level 4. HP: 7/48 MP: 4/4
  2604 | D:2      | Reached skill level 5 in Throwing
  2665 | D:2      | Noticed Ijyb
  2701 | D:2      | Killed Ijyb
  3195 | D:3      | Found an opulent altar of Gozag.
  3600 | D:3      | Reached skill level 3 in Dodging
  3653 | D:2      | Reached skill level 1 in Maces & Flails
  3653 | D:2      | Reached XP level 5. HP: 26/55 MP: 5/5
  3894 | D:3      | HP: 13/55 [hobgoblin/club (1)]
  4527 | D:3      | Noticed kroki's ghost (average TrAE)
  4549 | D:3      | Reached skill level 2 in Maces & Flails
  4597 | D:3      | HP: 12/55 [kroki's ghost (3)]
  4606 | D:3      | Mangled by kroki's ghost

Action                   |  1- 3 |  4- 6 || total
-------------------------+-------+-------++-------
Melee: Short sword       |   182 |    90 ||   272
       Whip              |       |   160 ||   160
Throw: Throwing net      |     1 |     4 ||     5
       Stone             |     1 |       ||     1
       Large rock        |       |     8 ||     8
       Tomahawk          |       |     2 ||     2
  Use: Scroll            |     2 |     2 ||     4
       Potion            |       |     4 ||     4
 Stab: Sleeping          |     1 |     1 ||     2
  Eat: Chunk             |     3 |     4 ||     7
       Beef jerky        |       |     1 ||     1
       Meat ration       |       |     1 ||     1

Vault maps used:
D:1:      dpeg_arrival_court
D:2:      lemuel_coloured_pillars_altar, small_statue_intersection,
          minivault_26, uniq_iyjb
D:3:      nicolae_overflow_crystal_walls

Table legend:
 A = Turns spent in this place as a percentage of turns spent in the entire game.
 B = Non-inter-level travel turns spent in this place as a percentage of non-inter-level travel turns spent in the entire game.
 C = Inter-level travel turns spent in this place as a percentage of turns spent in this place.
 D = Turns resting spent in this place as a percentage of non-inter-level travel turns spent in this place.
 E = Turns spent auto-exploring this place as a percentage of non-inter-level travel turns spent in this place.
 F = Non-inter-level travel turns spent in this place divided by the number of levels of this place that you've seen.
                   A       B       C       D       E      F
               +-------+-------+-------+-------+-------+----------------------
         Total | 100.0 | 100.0 |   0.7 |   4.4 |   5.1 | 416.3
       Dungeon | 100.0 | 100.0 |   0.7 |   4.4 |   5.1 | 416.3
               +-------+-------+-------+-------+-------+----------------------

Table legend:
 A = Kills in this place as a percentage of kills in entire the game.
 B = Kills by you in this place as a percentage of kills by you in the entire game.
 C = Kills by friends in this place as a percentage of kills by friends in the entire game.
 D = Other kills in this place as a percentage of other kills in the entire game.
 E = Experience gained in this place as a percentage of experience gained in the entire game.
 F = Experience gained in this place divided by the number of levels of this place that you have seen.
                   A       B       C       D       E      F
               +-------+-------+-------+-------+-------+----------------------
         Total | 100.0 | 100.0 |  -nan |  -nan | 100.0 |  91.0
       Dungeon | 100.0 | 100.0 |  -nan |  -nan | 100.0 |  91.0
               +-------+-------+-------+-------+-------+----------------------
